 Dungeon Crawl Stone Soup version 0.22.1-1-ga44c0e5 (webtiles) character file.

25599 Irenicus the Geomancer (level 12, 0/99 HPs)
             Began as a Deep Dwarf Wizard on Sept 28, 2018.
             Was a High Priest of Makhleb.
             Slain by a 13-headed hydra (8 damage)
             ... on level 5 of the Lair of Beasts.
             The game lasted 01:27:15 (7657 turns).

Irenicus the Geomancer (Deep Dwarf Wizard)          Turns: 7657, Time: 01:27:15

Health: 0/99       AC:  6    Str: 16    XL:     12   Next: 90%
Magic:  5/22       EV: 16    Int: 23    God:    Makhleb [*****.]
Gold:   1059       SH:  0    Dex: 14    Spells: 5/27 levels left

rFire    + + .     SeeInvis .   h - +10 scimitar "Ibluo" {freeze, +Rage rElec Str+4}
rCold    x . .     Gourm    +   (no shield)
rNeg     . . .     Faith    .   M - +2 leather armour {rF+}
rPois    .         Spirit   .   t - +0 helmet
rElec    +         Reflect  .   (no cloak)
rCorr    .         Harm     .   (no gloves)
MR       +....                  (no boots)
Stlth    ++........             p - amulet of the gourmand
HPRegen  0.00/turn              a - ring of fire
MPRegen  0.18/turn              q - +3 ring of dexterity

@: non-regenerating, slowed, very slow
A: damage resistance, heal wounds, sense surroundings 2, no regeneration
a: Heal Wounds, Minor Destruction, Lesser Servant of Makhleb, Major Destruction,
Greater Servant of Makhleb, Renounce Religion, Evoke Berserk Rage


You were on level 5 of the Lair of Beasts.
You worshipped Makhleb.
Makhleb was extremely pleased with you.
You were full.

You visited 3 branches of the dungeon, and saw 16 of its levels.
You also visited: Ossuary and Volcano.

You collected 1059 gold pieces.

Inventory:

Hand Weapons
 f - a +0 whip of flaming
 h - the +10 scimitar "Ibluo" (weapon) {freeze, +Rage rElec Str+4}
   (You found it on level 4 of the Dungeon)

   It has been specially enchanted to freeze those struck by it, causing extra
   injury to most foes and up to half again as much damage against particularly
   susceptible opponents.
   It can also slow down cold-blooded creatures.
   It affects your strength (+4).
   It insulates you from electricity.
   It lets you go berserk.
Armour
 t - a +0 helmet (worn)
 M - a +2 leather armour of fire resistance (worn)
Magical Staves
 o - an uncursed staff of power
Jewellery
 a - a ring of fire (left hand)
 c - an uncursed ring of stealth
 g - an uncursed ring of positive energy
 l - an uncursed ring of positive energy
 n - an uncursed ring of teleportation
 p - an amulet of the gourmand (around neck)
 q - a +3 ring of dexterity (right hand)
 B - an uncursed amulet of the acrobat
Wands
 e - a wand of enslavement (4)
 y - a wand of digging (16)
 F - a wand of paralysis (26)
 G - a wand of flame (18)
Scrolls
 i - 6 scrolls of identify
 k - a scroll of magic mapping
 m - 3 scrolls of enchant weapon
 s - 5 scrolls of remove curse
 A - a scroll of enchant armour
 H - a scroll of fog
 J - a scroll of acquirement
Potions
 b - 2 potions of flight
 j - 2 potions of might
 r - 2 potions of curing
 v - a potion of berserk rage
 w - 5 potions of lignification
 x - 2 potions of mutation
 z - a potion of brilliance
 D - a potion of invisibility
 E - 5 potions of resistance
 L - a potion of haste
Comestibles
 d - 23 rations


   Skills:
 - Level 4.2 Fighting
 + Level 4.2 Long Blades
 - Level 2.4 Armour
 - Level 8.0 Dodging
 - Level 2.4 Stealth
 - Level 8.0 Spellcasting
 - Level 6.4 Conjurations
 - Level 2.1 Summonings
 - Level 8.2 Necromancy
 - Level 3.0 Translocations
 - Level 14.1 Earth Magic
 - Level 5.1 Invocations
 - Level 9.3 Evocations


You had 5 spell levels left.
You knew the following spells:

 Your Spells              Type           Power        Failure   Level  Hunger
a - Magic Dart            Conj           ####         1%          1    None
b - Blink                 Tloc           N/A          3%          2    None
c - Call Imp              Summ           ###.....     5%          2    None
d - Mephitic Cloud        Conj/Pois/Air  ###.....     11%         3    None
e - Conjure Flame         Conj/Fire      #####...     7%          3    None
f - Animate Skeleton      Necr           N/A          1%          1    None
g - Iron Shot             Conj/Erth      ######....   19%         6    ######.
r - Apportation           Tloc           ###...       2%          1    None
v - Vampiric Draining     Necr           #####.....   1%          3    None

Your spell library contained the following spells:

 Spells                   Type           Power        Failure   Level  Hunger
 Pain                     Necr           ####         1%          1    None
 Animate Dead             Necr           N/A          2%          4    ###....
 Summon Small Mammal      Summ           ###.         3%          1    None
 Beastly Appendage        Tmut           #.....       9%          1    None
 Confusing Touch          Hex            #.....       9%          1    None
 Call Canine Familiar     Summ           ###.....     11%         3    None
 Slow                     Hex            #.......     12%         2    None
 Sticks to Snakes         Tmut           #.......     12%         2    None
 Bolt of Magma            Conj/Fire/Erth ######....   14%         5    #####..
 Summon Guardian Golem    Hex/Summ       ##......     16%         3    None
 Spider Form              Tmut/Pois      #.........   24%         3    None
 Summon Ice Beast         Ice/Summ       ##......     47%         4    ###....
 Summon Lightning Spire   Summ/Air       ##......     47%         4    ###....
 Iskenderun's Battlesphe  Conj/Chrm      ###.....     52%         5    #####..
 Venom Bolt               Conj/Pois      ###.......   52%         5    #####..
 Ice Form                 Ice/Tmut       #.......     63%         4    ###....
 Blade Hands              Tmut           #.........   92%         5    #####..
 Orb of Destruction       Conj           #####.....   99%         7    #######
 Spellforged Servitor     Conj/Summ      ####......   100%        7    #######
 Regeneration             Chrm/Necr      Unusable     N/A         3    N/A

Dungeon Overview and Level Annotations

Branches:
Dungeon (9/15)             Temple (1/1) D:5            Lair (6/6) D:8
  Swamp (0/4) Lair:4       Spider (0/4) Lair:3        Slime (0/5) Lair:5
    Orc: D:9-12

Altars:
Ashenzari
Cheibriados
Dithmenos
Elyvilon
Fedhas
Hepliaklqana
Makhleb
Nemelex Xobeh
Okawaru
Qazlal
Ru
Sif Muna
Trog
Uskayaw
Vehumet
Wu Jian
Xom
Yredelemnul
Zin
The Shining One


Innate Abilities, Weirdness & Mutations

You are resistant to damage.
You can heal yourself by infusing magical energy.
You passively map the area around you.
You do not regenerate.


Message History

You chop one of the ten-headed hydra's heads off!
The nine-headed hydra grows two more!
You hit the 11-headed hydra. You freeze the 11-headed hydra.
The 11-headed hydra is severely wounded.
Unknown command.
The helpless 11-headed hydra fails to defend itself.
You chop one of the 11-headed hydra's heads off!
The ten-headed hydra grows two more!
You slash the 12-headed hydra! You freeze the 12-headed hydra.
The 12-headed hydra is severely wounded.
The helpless 12-headed hydra fails to defend itself.
You chop one of the 12-headed hydra's heads off!
The 11-headed hydra grows two more!
You slice the 13-headed hydra!! You freeze the 13-headed hydra.
The 13-headed hydra is severely wounded.
The 13-headed hydra is no longer paralysed.
The 13-headed hydra misses you. The 13-headed hydra bites you.
* * * LOW HITPOINT WARNING * * *
The 13-headed hydra bites you!
You die...

........##....... ........#..
............?..............).....
####.#...........................
##....###...........##...#..#..
#P....# #..........#.#.. ###...
######..####..........#..., *##..
....#....P##........P# ...#.#.#.
........P###.........####...####.
PP.......##.....@D...#.##..P.##..
..##.....##...........#.#.....#..
. #.#..#.#...>..................
###...###.....................
##...###...##.........#...P.#.
#.....###....#####....##.###..
####.#...# #..## ##..#.###* #..
.#.#.P...# #.. #...### ##.
........####..# ##..# #.


You could see a 13-headed hydra.

Vanquished Creatures
  Kirke (Lair:5)
  A fire dragon (Volcano)
  Josephine (Lair:5)
  2 death yaks
  A hell hog (Volcano)
  Sonja (Lair:2)
  Pikel (D:7)
  A lindwurm (Lair:6)
  A black mamba (Lair:5)
  4 elephants (Lair:6)
  A molten gargoyle (Volcano)
  7 spiny frogs
  4 komodo dragons
  A polar bear (Lair:6)
  A blink frog (Lair:5)
  5 hippogriffs
  2 redbacks
  Sigmund (D:6)
  20 yaks
  2 wyverns
  4 wraiths (Lair:5)
  3 hogs (Lair:5)
  9 fire bats (Volcano)
  3 steam dragons (Volcano)
  Grum (D:8)
  6 water moccasins
  A hell hound (Volcano)
  14 porcupines
  A phantom (D:8)
  2 centaurs
  10 wolves
  5 ogres
  8 crocodiles
  2 big kobolds (D:8)
  12 bullfrogs
  A water moccasin zombie (D:8)
  5 scorpions
  8 killer bees (D:6)
  4 lava snakes (Volcano)
  A bullfrog zombie (D:5)
  A centaur zombie (D:6)
  A jelly (D:7)
  2 hounds
  2 orc priests
  3 orc wizards
  A centaur skeleton (D:7)
  A bullfrog skeleton (D:5)
  An iguana (D:9)
  6 worker ants
  2 big kobold zombies (Ossuary)
  A hound zombie (D:9)
  4 mummies
  2 worker ant zombies
  10 gnolls
  3 adders
  A shadow imp (D:9)
  3 oozes
  An adder zombie (D:6)
  An adder skeleton (D:7)
  3 dart slugs
  A leopard gecko (D:6)
  18 orcs
  4 ball pythons
  8 bats
  7 giant cockroaches
  A gnoll zombie (Ossuary)
  13 goblins
  9 hobgoblins
  2 jackals (D:4)
  3 quokkas
  2 frilled lizards
  A goblin zombie (D:7)
  A hobgoblin zombie (D:7)
  18 kobolds
  3 kobold zombies (Ossuary)
  2 orc zombies (Ossuary)
  A quokka skeleton (D:9)
  A quokka zombie (D:6)
  9 rats
  A butterfly (D:6)
312 creatures vanquished.

Vanquished Creatures (collateral kills)
  Urug (Lair:4)
  A troll (D:9)
  4 blink frogs (Lair:5)
  2 water moccasins
  A porcupine (Lair:1)
  A crocodile (Lair:1)
  2 lava snakes (Volcano)
  A hound (D:5)
  A jelly (D:8)
  A worker ant (D:6)
  2 worms (D:2)
  A leopard gecko (D:8)
  An orc (D:4)
  2 jackals (D:4)
21 creatures vanquished.

Vanquished Creatures (others)
  A komodo dragon (Lair:6)
  A lava snake (Volcano)
  An orc wizard (D:6)
  16 fungi
  8 plants
27 creatures vanquished.

Grand Total: 360 creatures vanquished

Notes
Turn   | Place    | Note
-------+----------+-------------------------------------------
     0 | D:1      | Irenicus the Deep Dwarf Wizard began the quest for the Orb.
     0 | D:1      | Reached XP level 1. HP: 15/15 MP: 4/4
    77 | D:1      | Reached skill level 1 in Conjurations
   201 | D:1      | Reached XP level 2. HP: 17/22 MP: 0/5
   295 | D:1      | Found a basalt altar of Yredelemnul.
   297 | D:1      | Found a shimmering altar of Xom.
   297 | D:1      | Found a snail-covered altar of Cheibriados.
   299 | D:1      | Found an ornate altar of the Wu Jian Council.
   299 | D:1      | Found a sacrificial altar of Ru.
   299 | D:1      | Found a shattered altar of Ashenzari.
   444 | D:2      | Learned a level 2 spell: Blink
   682 | D:2      | Reached XP level 3. HP: 28/28 MP: 2/7
   687 | D:2      | Learned a level 2 spell: Call Imp
   715 | D:2      | Found a stormy altar of Qazlal.
  1167 | D:4      | Noticed an ogre
  1213 | D:4      | Killed an ogre
  1213 | D:4      | Reached XP level 4. HP: 17/36 MP: 1/9
  1285 | D:5      | Entered Level 5 of the Dungeon
  1307 | D:5      | Reached XP level 5. HP: 31/42 MP: 1/11
  1340 | D:4      | HP: 2/42 [poisoned by a gnoll]
  1388 | D:4      | Got a crystal scimitar
  1389 | D:4      | Identified the +10 scimitar "Ibluo" {freeze, +Rage rElec
                  | Str+4} (You found it on level 4 of the Dungeon)
  1683 | D:3      | Reached skill level 1 in Long Blades
  1705 | D:3      | Learned a level 3 spell: Mephitic Cloud
  1808 | D:3      | Reached XP level 6. HP: 23/49 MP: 7/12
  2090 | D:4      | HP: 1/49 [orc wizard/puff of flame (6)]
  2220 | D:4      | Learned a level 3 spell: Conjure Flame
  2254 | D:5      | Reached skill level 1 in Evocations
  2298 | D:5      | Found a shadowy altar of Dithmenos.
  2407 | D:5      | Found a staircase to the Ecumenical Temple.
  2416 | Temple   | Entered the Ecumenical Temple
  2507 | Temple   | Became a worshipper of Makhleb the Destroyer
  2669 | D:6      | Reached XP level 7. HP: 17/55 MP: 5/13
  2678 | D:6      | Noticed Sigmund
  2716 | D:6      | Reached skill level 5 in Evocations
  2721 | D:6      | Killed Sigmund
  2791 | D:6      | Found a runed door.
  2808 | D:6      | Found a runed door.
  2816 | D:6      | Reached XP level 8. HP: 13/62 MP: 13/13
  2870 | D:6      | Reached * piety under Makhleb
  3109 | D:7      | Noticed a four-headed hydra
  3133 | D:6      | Reached skill level 5 in Conjurations
  3232 | D:7      | Noticed a hippogriff
  3241 | D:7      | Killed a hippogriff
  3251 | D:7      | Found a sand-covered staircase.
  3257 | Ossuary  | Entered an ossuary
  3428 | D:7      | Reached skill level 5 in Spellcasting
  3599 | D:8      | Noticed a hippogriff
  3603 | D:8      | Killed a hippogriff
  3603 | D:8      | Gained mutation: You passively map the area around you.
                  | [Deep Dwarf growth]
  3603 | D:8      | Reached XP level 9. HP: 13/68 MP: 15/15
  3791 | D:8      | Reached skill level 1 in Summonings
  3810 | D:8      | Found a staircase to the Lair.
  3816 | D:8      | Reached ** piety under Makhleb
  4156 | D:9      | Learned a level 1 spell: Apportation
  4235 | D:9      | Noticed a troll
  4246 | D:9      | Killed a troll
  4281 | D:8      | Noticed Grum
  4283 | D:8      | Reached skill level 5 in Dodging
  4300 | D:8      | Killed Grum
  4382 | D:7      | Noticed Pikel
  4387 | D:7      | Killed Pikel
  4387 | D:7      | Reached XP level 10. HP: 28/75 MP: 17/17
  4389 | D:7      | Reached skill level 1 in Invocations
  4522 | Lair:1   | Entered Level 1 of the Lair of Beasts
  4694 | Lair:1   | Found a deep blue altar of Sif Muna.
  4809 | Lair:1   | Reached *** piety under Makhleb
  4944 | Lair:2   | Reached skill level 5 in Invocations
  4958 | Lair:2   | Noticed Sonja
  4979 | Lair:2   | Killed Sonja
  5016 | Lair:2   | Identified a scroll of acquirement
  5103 | Lair:2   | Noticed a spiny frog
  5137 | Lair:2   | Killed a spiny frog
  5225 | Lair:2   | Learned a level 3 spell: Vampiric Draining
  5245 | Lair:2   | Reached skill level 1 in Necromancy
  5531 | Lair:3   | Reached XP level 11. HP: 49/92 MP: 0/19
  5751 | Lair:3   | Learned a level 1 spell: Animate Skeleton
  5858 | Lair:3   | Found a hole to the Spider Nest.
  5916 | Lair:4   | Reached skill level 5 in Necromancy
  6001 | Lair:4   | Learned a level 6 spell: Iron Shot
  6021 | Lair:4   | Found a staircase to the Swamp.
  6097 | Lair:4   | Noticed Urug
  6107 | Lair:4   | Killed Urug
  6110 | Lair:4   | Reached **** piety under Makhleb
  6291 | Lair:5   | HP: 3/92 [blink frog (9)]
  6364 | Lair:5   | Reached skill level 2 in Earth Magic
  6395 | Lair:5   | Reached skill level 3 in Earth Magic
  6453 | Lair:5   | Found a staircase to the Slime Pits.
  6519 | Lair:5   | Noticed Josephine
  6561 | Lair:5   | Reached skill level 4 in Earth Magic
  6617 | Lair:5   | Reached skill level 5 in Earth Magic
  6633 | Lair:5   | Reached skill level 6 in Earth Magic
  6633 | Lair:5   | Noticed Kirke
  6642 | Lair:5   | Killed Kirke
  6642 | Lair:5   | Reached skill level 7 in Earth Magic
  6642 | Lair:5   | Reached XP level 12. HP: 93/99 MP: 7/22
  6673 | Lair:5   | Noticed a five-headed hydra
  6706 | Lair:6   | Entered Level 6 of the Lair of Beasts
  6706 | Lair:6   | Noticed a death yak
  6706 | Lair:6   | Noticed a death yak
  6706 | Lair:6   | Noticed a death yak
  6754 | Lair:6   | Reached skill level 8 in Earth Magic
  6813 | Lair:6   | Reached skill level 9 in Earth Magic
  6934 | Lair:6   | Noticed a catoblepas
  6986 | Lair:6   | Reached skill level 10 in Earth Magic
  7014 | Lair:6   | Found a dark tunnel.
  7036 | Volcano  | Entered a volcano
  7119 | Volcano  | Reached ***** piety under Makhleb
  7191 | Volcano  | Reached skill level 11 in Earth Magic
  7214 | Volcano  | Noticed a fire dragon
  7217 | Volcano  | Found a bloodstained altar of Trog.
  7217 | Volcano  | Noticed a hell hog
  7279 | Volcano  | Killed a hell hog
  7290 | Volcano  | Reached skill level 12 in Earth Magic
  7347 | Volcano  | Killed a fire dragon
  7462 | Lair:6   | Reached skill level 13 in Earth Magic
  7502 | Lair:6   | Noticed a death yak
  7503 | Lair:6   | Noticed a death yak
  7503 | Lair:6   | Noticed a death yak
  7518 | Lair:6   | Noticed a death yak
  7525 | Lair:6   | Noticed a death yak
  7530 | Lair:6   | Killed a death yak
  7537 | Lair:6   | Noticed a death yak
  7538 | Lair:6   | Noticed a death yak
  7539 | Lair:6   | Noticed a death yak
  7539 | Lair:6   | Noticed a death yak
  7586 | Lair:5   | Killed a death yak
  7592 | Lair:5   | Killed Josephine
  7592 | Lair:5   | Reached skill level 14 in Earth Magic
  7657 | Lair:5   | Slain by a 13-headed hydra

Skill      XL: |  1  2  3  4  5  6  7  8  9 10 11 12 |
---------------+-------------------------------------+-----
Conjurations   | 1 2 6 |  6.4
Spellcasting   | 3 4 5 6 8 |  8.0
Translocations | 2 3 |  3.0
Long Blades    | 1 4 |  4.2
Evocations     | 1 6 9 |  9.3
Dodging        | 3 6 8 |  8.0
Summonings     | 2 |  2.1
Invocations    | 5 |  5.1
Fighting       | 4 |  4.2
Armour         | 2 |  2.4
Necromancy     | 2 8 |  8.2
Earth Magic    | 7 14 | 14.1
Stealth        | |  2.4

Action                   |  1- 3 |  4- 6 |  7- 9 | 10-12 || total
-------------------------+-------+-------+-------+-------++-------
Melee: Unarmed           |    49 |       |       |       ||    49
       Club              |    59 |    30 |       |       ||    89
       Scimitar          |       |    69 |   175 |   335 ||   579
       Whip              |       |     6 |       |       ||     6
Throw: Throwing net      |       |       |       |     1 ||     1
 Cast: Magic Dart        |    69 |    47 |    26 |    13 ||   155
       Call Imp          |     6 |     8 |    27 |    29 ||    70
       Conjure Flame     |       |     3 |     7 |     3 ||    13
       Blink             |       |       |     7 |    19 ||    26
       Mephitic Cloud    |       |       |     1 |    12 ||    13
       Vampiric Draining |       |       |       |    92 ||    92
       Apportation       |       |       |       |    10 ||    10
       Animate Skeleton  |       |       |       |    15 ||    15
       Iron Shot         |       |       |       |     3 ||     3
Invok: Lesser Servant of |       |       |       |     1 ||     1
 Abil: Heal Wounds       |     2 |     6 |     5 |     5 ||    18
       Evoke Berserk Rag |       |       |     1 |     3 ||     4
Evoke: Wand              |       |       |    10 |    22 ||    32
  Use: Potion            |     5 |     3 |     6 |     7 ||    21
       Scroll            |     2 |     5 |     7 |    14 ||    28
 Stab: Sleeping          |     2 |     4 |     2 |     2 ||    10
       Distracted        |     1 |       |       |     1 ||     2
       Confused          |       |       |     1 |     2 ||     3
       Invisible         |       |       |     1 |     2 ||     3
       Paralysed         |       |       |     9 |    32 ||    41
  Eat: Chunk             |     1 |     4 |     1 |    24 ||    30
       Ration            |       |       |     2 |       ||     2
Armor: Leather armour    |    71 |    28 |    29 |    30 ||   158
       Skin              |     1 |    35 |    69 |   113 ||   218
       Troll leather arm |       |       |       |    37 ||    37
Dodge: Dodged            |   160 |    79 |   106 |   362 ||   707
       Rpst.: Scimitar   |       |    17 |    30 |   101 ||   148
